 Dungeon Crawl Stone Soup version 0.18.1-50-g88ac8fd (console) character file.

9551 Kloppie the Severer (level 11, -1/101 HPs)
             Began as a Hill Orc Berserker on Oct 26, 2016.
             Was a High Priest of Trog.
             Slain by a rust devil (4 damage)
             ... summoned by a deep elf mage
             ... on level 11 of the Dungeon.
             The game lasted 00:15:00 (8650 turns).

Kloppie the Severer (Hill Orc Berserker)            Turns: 8650, Time: 00:15:00

Health: -1/101     AC: -8    Str: 29    XL:     11   Next: 48%
Magic:  20/20      EV:  9    Int:  7    God:    Trog [*****.]
Gold:   670        SH:  0    Dex: 13    Spells: 0 memorised, 10 levels left

rFire  . . .     SeeInvis .     a - +4 battleaxe (flame)
rCold  . . .     Gourm    .     H - +0 chain mail
rNeg   . . .     Faith    +     (shield currently unavailable)
rPois  .         Spirit   .     f - +2 helmet
rElec  .         Dismiss  .     n - +2 cloak
rCorr  .         Reflect  .     d - +1 pair of gloves
SustAt .         Harm     .     B - +2 pair of boots
MR     .....                    i - amulet of faith
Stlth  ..........               I - +6 ring of strength
                                C - ring of magical power

@: confused, exhausted, weakened, corroded, slowed, drained, very slow, not
resistant to hostile enchantments, extremely unstealthy
A: strong 1
a: Berserk, Trog's Hand, Brothers in Arms, Burn Spellbooks, Renounce Religion


You were on level 11 of the Dungeon.
You worshipped Trog.
Trog was extremely pleased with you.
You were near starving.

You visited 1 branch of the dungeon, and saw 11 of its levels.
You also visited: Sewer.

You collected 670 gold pieces.

Inventory:

Hand Weapons
 a - a +4 battleaxe of flaming (weapon)
 s - a +0 battleaxe
Armour
 d - a +1 pair of gloves (worn)
 f - a +2 helmet (worn)
 n - a +2 cloak (worn)
 B - a +2 pair of boots (worn)
 H - a +0 chain mail (worn)
Jewellery
 i - an amulet of faith (around neck)
 x - a +4 amulet of reflection
 C - a ring of magical power (left hand)
 I - a +6 ring of strength (right hand)
 K - an uncursed amulet of guardian spirit {unknown}
Wands
 h - a wand of flame (26/48)
 q - a wand of slowing (6/48)
 L - a wand of hasting (3/9)
Scrolls
 j - 3 scrolls of enchant weapon
 o - 8 scrolls of remove curse
 t - 3 scrolls of teleportation
 y - 2 scrolls of blinking
Potions
 b - 3 potions of flight
 g - a potion of ambrosia
 m - 4 potions of lignification
 u - 3 potions of curing
 v - 2 potions of resistance {unknown}
 z - a potion of cancellation {unknown}
 A - a potion of invisibility {unknown}
 D - 5 potions of haste {unknown}
 E - 2 potions of agility
 G - a potion of might {unknown}
Books
 r - a book of Annihilations

   Spells                             Type                      Level
   a - Poison Arrow                   Conjuration/Poison           6
   b - Chain Lightning                Conjuration/Air              8
   c - Lehudib's Crystal Spear        Conjuration/Earth            8
   d - Glaciate                       Conjuration/Ice              9
   e - Fire Storm                     Conjuration/Fire             9
   Trog disapproves of the use of such an item.
Comestibles
 c - 6 bread rations
 k - 3 beef jerkies
 l - 2 meat rations
 w - 10 royal jellies
 F - 4 fruits
 J - a slice of pizza


   Skills:
 - Level 10.5(9.9) Fighting
 + Level 16.3(15.6) Axes
 - Level 9.6(9.0) Armour
 - Level 1.5(1.0) Dodging


You had 10 spell levels left.
You didn't know any spells.

Dungeon Overview and Level Annotations

Branches:
Dungeon (11/15)            Temple (0/1) D:5             Orc (0/2) D:9
   Lair: D:8-11

Altars:
Cheibriados
Kikubaaqudgha
Makhleb
Nemelex Xobeh
Okawaru
Trog
Vehumet
Zin

Shops:
D:5 (   D:6 }

Portals:
Trove: D:10 (give wand of heal wounds (9))


Innate Abilities, Weirdness & Mutations

Your muscles are strong. (Str +2)


Message History

The deep elf mage mumbles some strange words.
The tarantella closely misses you. The rust devil hits you!
* * * LOW HITPOINT WARNING * * *
The rust devil corrodes you!
Drink which item? (? for menu, Esc to quit)
You feel better.
The hell rat disappears in a puff of smoke!
The hell rat disappears in a puff of smoke!
The tarantella bites you.
* * * LOW HITPOINT WARNING * * *
The tarantella bites you!!
* * * LOW HITPOINT WARNING * * *
You are confused.
The rust devil hits you!
* * * LOW HITPOINT WARNING * * *
The rust devil corrodes you!
The deep elf mage casts a spell.
The tarantella barely misses you. The rust devil hits you.
You die...

.. #.#.# #. #.#.#
#.#####.#.# .###
>......#.. ....#
.......... ......
#......... ...(..#
#.########
.....YY#########.########
....YYYs@4err............
#########################


You could see a rust devil, a deep elf mage, 5 yaks, a tarantella and 2 hell
rats.

Vanquished Creatures
  The ghost of Schimscham the Arsonist, a novice DrFE of Vehumet (D:7)
  Pikel (D:4)
  A hill giant (D:10)
  An ugly thing (D:11)
  2 centaur zombies (D:11)
  Joseph (D:8)
  A guardian mummy (D:10)
  Sigmund (D:3)
  A shadow (D:11)
  2 hippogriffs (D:7)
  A hungry ghost (D:7)
  Duvessa (D:7)
  2 sky beasts
  2 orc warriors
  3 ice beasts
  A black bear (D:7)
  2 phantoms
  A slave (D:4)
  6 centaurs
  6 ogres
  2 big kobolds
  6 giant frogs
  Dowan (D:7)
  A wyvern skeleton (D:6)
  3 scorpions
  23 killer bees
  3 wights (D:10)
  5 howler monkeys
  5 crimson imps
  The ghost of sheala the Magician, a weakling DEWz (D:4)
  2 centaur skeletons
  A quasit (D:8)
  6 jellies
  Crazy Yiuf (D:7)
  A giant frog skeleton (D:9)
  2 hounds
  3 orc priests
  4 orc wizards
  6 iguanas
  Jessica (D:3)
  7 worker ants
  2 hound zombies (D:10)
  A hound skeleton (D:6)
  A mummy (D:6)
  Robin (D:3)
  A worker ant zombie (D:5)
  A howler monkey zombie (D:7)
  10 adders
  7 gnolls
  A river rat (D:11)
  A shadow imp (D:6)
  6 oozes
  An adder skeleton (D:8)
  A worm (D:2)
  3 dart slugs
  18 giant geckos
  26 orcs
  7 ball pythons
  13 giant cockroaches
  18 goblins
  9 hobgoblins
  30 jackals
  14 kobolds
  3 quokkas
  7 bats
  A giant cockroach zombie (D:5)
  16 giant newts
  A jackal skeleton (D:6)
  A quokka skeleton (D:6)
  A quokka zombie (D:5)
  3 rats
326 creatures vanquished.

Vanquished Creatures (others)
  An orc (D:4)
1 creature vanquished.

Grand Total: 327 creatures vanquished

Notes
Turn   | Place    | Note
--------------------------------------------------------------
     0 | D:1      | Kloppie the Hill Orc Berserker began the quest for the Orb.
     0 | D:1      | Reached XP level 1. HP: 19/19 MP: 1/1
   150 | D:1      | Reached XP level 2. HP: 25/27 MP: 2/2
   440 | D:1      | Reached XP level 3. HP: 17/33 MP: 3/3
   712 | D:1      | Reached ** piety under Trog
   751 | D:1      | Reached skill level 5 in Axes
   951 | D:2      | Found a faded altar to an unknown god.
  1216 | D:2      | Reached XP level 4. HP: 39/40 MP: 4/4
  1448 | D:2      | Found a bloodstained altar of Trog.
  1451 | D:2      | Found a glowing silver altar of Zin.
  1454 | D:2      | Found a sparkling altar of Nemelex Xobeh.
  1478 | D:2      | Found a radiant altar of Vehumet.
  1491 | D:2      | Found a burning altar of Makhleb.
  1902 | D:3      | Noticed Jessica
  1915 | D:3      | Killed Jessica
  1915 | D:3      | Reached XP level 5. HP: 41/47 MP: 5/5
  2261 | D:3      | Reached *** piety under Trog
  2346 | D:3      | Noticed Robin
  2366 | D:3      | Killed Robin
  2415 | D:3      | Noticed Sigmund
  2422 | D:3      | Killed Sigmund
  2422 | D:3      | Reached skill level 5 in Fighting
  2422 | D:3      | Reached skill level 6 in Axes
  2422 | D:3      | Reached XP level 6. HP: 56/56 MP: 6/6
  2969 | D:4      | Reached skill level 5 in Armour
  3044 | D:4      | Found an ancient bone altar of Kikubaaqudgha.
  3095 | D:4      | Reached XP level 7. HP: 53/62 MP: 7/7
  3122 | D:4      | Reached skill level 7 in Axes
  3215 | D:4      | Found an iron altar of Okawaru.
  3317 | D:4      | Noticed Pikel
  3335 | D:4      | Killed Pikel
  3335 | D:4      | Reached skill level 8 in Axes
  3335 | D:4      | Reached XP level 8. HP: 73/73 MP: 8/8
  3343 | D:4      | Reached **** piety under Trog
  3452 | D:4      | Noticed sheala's ghost (weakling DEWz)
  3461 | D:4      | Killed sheala's ghost
  3886 | D:5      | Entered Level 5 of the Dungeon
  3933 | D:5      | Found Ozaywkek's Weapon Boutique.
  4231 | D:5      | Reached skill level 9 in Axes
  4314 | D:5      | Found a glowing drain.
  4337 | Sewer    | Entered a sewer
  4714 | D:5      | Found a staircase to the Ecumenical Temple.
  4729 | D:5      | Reached XP level 9. HP: 60/81 MP: 9/9
  4811 | D:5      | Gained mutation: Your muscles are strong. (Str +2) [potion of beneficial mutation]
  5085 | D:6      | Found Fezosoiturgh's Gadget Shoppe.
  5246 | D:6      | Received a gift from Trog
  5262 | D:6      | Reached ***** piety under Trog
  5548 | D:6      | Reached skill level 10 in Axes
  5581 | D:6      | Found a snail-covered altar of Cheibriados.
  5643 | D:7      | Noticed Schimscham's ghost (novice DrFE)
  5673 | D:7      | Killed Schimscham's ghost
  5700 | D:7      | Noticed Duvessa
  5702 | D:7      | Noticed Dowan
  5707 | D:7      | Killed Duvessa
  5717 | D:7      | Killed Dowan
  5771 | D:7      | Reached skill level 11 in Axes
  5848 | D:7      | Reached skill level 10 in Fighting
  5848 | D:7      | Reached XP level 10. HP: 81/93 MP: 10/10
  6221 | D:7      | Noticed Crazy Yiuf
  6229 | D:7      | Killed Crazy Yiuf
  6229 | D:7      | Received a gift from Trog
  6571 | D:8      | Reached skill level 12 in Axes
  6581 | D:8      | Noticed Joseph
  6595 | D:8      | Killed Joseph
  7049 | D:9      | Reached skill level 13 in Axes
  7224 | D:9      | Found a staircase to the Orcish Mines.
  7637 | D:9      | Found a burning altar of Makhleb.
  7651 | D:10     | Entered Level 10 of the Dungeon
  7675 | D:10     | Reached skill level 14 in Axes
  7725 | D:10     | Reached XP level 11. HP: 83/101 MP: 11/11
  7854 | D:10     | Noticed a hill giant
  7862 | D:10     | Killed a hill giant
  7862 | D:10     | Reached skill level 15 in Axes
  8182 | D:10     | Found a portal to a secret trove of treasure.
  8481 | D:11     | Noticed a purple ugly thing
  8489 | D:11     | Killed a purple ugly thing
  8569 | D:11     | Reached skill level 16 in Axes
  8615 | D:11     | Noticed a deep elf mage
  8650 | D:11     | HP: 3/101 [rust devil[a deep elf mage] (8)]
  8650 | D:11     | Slain by a rust devil

Skill      XL: |  1  2  3  4  5  6  7  8  9 10 11 |
---------------+----------------------------------+-----
Armour         | 3 4 5 6 7 9 |  9.6
Axes           | 5 6 8 9 11 14 16 | 16.3
Fighting       | 4 5 7 8 10 | 10.5
Dodging        | |  1.5

Action                   |  1- 3 |  4- 6 |  7- 9 | 10-12 || total
-------------------------+-------+-------+-------+-------++-------
Melee: Hand axe          |    96 |   223 |   137 |       ||   456
       War axe           |       |       |   246 |       ||   246
       Battleaxe         |       |       |     5 |   281 ||   286
Invok: Berserk           |     2 |     3 |     5 |     4 ||    14
       Trog's Hand       |       |     1 |     3 |     1 ||     5
  Use: Scroll            |       |       |    13 |     3 ||    16
       Potion            |       |       |     1 |     5 ||     6
 Stab: Sleeping          |     3 |       |       |       ||     3
  Eat: Chunk             |     3 |    10 |    13 |    11 ||    37
       Meat ration       |       |       |       |     1 ||     1
Armor: Animal skin       |    22 |       |       |       ||    22
       Scale mail        |     3 |    94 |    66 |       ||   163
       Chain mail        |       |       |   153 |   223 ||   376
Dodge: Dodged            |    65 |   117 |   158 |   172 ||   512
Block: Other             |       |       |    46 |    14 ||    60
       Reflection        |       |       |     1 |       ||     1
